 Dungeon Crawl Stone Soup version 0.27-a0-1200-g94dc6ad4cf (webtiles) character file.

Game seed: 9472075296252166849

2114 freelancePsychic the Ogre Mage (level 9, -6/92 HPs)
             Began as an Ogre Fire Elementalist on May 31, 2021.
             Mangled by Duvessa
             ... wielding a +0 short sword
              (8 damage)
             ... on level 4 of the Dungeon.
             The game lasted 00:13:33 (8352 turns).

freelancePsychic the Ogre Mage (OgFE)               Turns: 8352, Time: 00:13:34

Health: -6/92      AC:  4    Str: 20    XL:     9   Next: 29%
Magic:  2/19       EV:  9    Int: 19    God:
Gold:   284        SH:  0    Dex:  9    Spells: 12/22 levels left

rFire    . . .     SeeInvis .   d - +1 spear
rCold    . . .     Faith    .   (no shield)
rNeg     . . .     Spirit   .   a - +0 robe
rPois    .         Reflect  .   (helmet restricted)
rElec    .         Harm     .   k - +0 cloak
rCorr    .         Rampage  .   (gloves unavailable)
Will     .....                  (boots unavailable)
Stlth    +.........             l - amulet of magic regeneration
HPRegen  0.25/turn              i - +4 ring of slaying
MPRegen  0.41/turn              o - +6 ring of strength

@: no status effects
A: large, unfitting armour, tough skin 1
a: no special abilities


You were on level 4 of the Dungeon.
You visited 1 branch of the dungeon, and saw 6 of its levels.

You collected 284 gold pieces.

Inventory:

Hand Weapons
 d - a +1 spear (weapon)
Armour
 a - a +0 robe (worn)
 k - a +0 cloak (worn)
Jewellery
 f - an amulet of guardian spirit
 i - a +4 ring of slaying (left hand)
 l - an amulet of magic regeneration (around neck)
 o - a +6 ring of strength (right hand)
 p - a ring of ice
 s - an amulet of reflection
Wands
 m - a wand of flame (44)
 q - a wand of iceblast (8)
 x - a wand of paralysis (10)
Scrolls
 h - a scroll of immolation
 j - a scroll of blinking
 n - 2 scrolls of identify {@r1}
 r - a scroll of magic mapping {unknown}
 t - a scroll of torment {unknown}
 v - a scroll of enchant weapon
Potions
 b - a potion of degeneration {unknown}
 c - a potion of heal wounds {unknown}
 e - 2 potions of berserk rage {unknown}
 g - 3 potions of curing {unknown}
 u - a potion of resistance {unknown}
 w - a potion of lignification {unknown}


   Skills:
 + Level 6.4 Fighting
 - Level 1.7 Dodging
 - Level 1.4 Stealth
 - Level 7.1 Spellcasting
 + Level 6.0 Conjurations
 + Level 6.0 Fire Magic


You had 12 spell levels left.
You knew the following spells:

 Your Spells              Type           Power      Damage    Failure   Level
a - Foxfire               Conj/Fire      100%       2x1d9     1%          1
b - Sticky Flame          Conj/Fire      29%        2d5       9%          4
e - Fireball              Conj/Fire      14%        3d8       22%         5

Your spell library contained the following spells:

 Spells                   Type           Power      Damage    Failure   Level
 Conjure Flame            Conj/Fire      29%        6-21      2%          3
 Shock                    Conj/Air       72%        1d7       3%          1
 Static Discharge         Conj/Air       18%        N/A       4%          2
 Inner Flame              Hex/Fire       18%        N/A       9%          3
 Animate Skeleton         Necr           12%        N/A       10%         1
 Pain                     Necr           24%        1d5       10%         1
 Swiftness                Air            6%         N/A       30%         3
 Vampiric Draining        Necr           3%         2d6       30%         3
 Lightning Bolt           Conj/Air       9%         1d21      63%         5
 Airstrike                Air            3%         N/A       69%         4
 Animate Dead             Necr           3%         N/A       69%         4
 Agony                    Necr           6%         N/A       95%         5


Dungeon Overview and Level Annotations

Branches:
Dungeon (6/15)
 Temple: D:4-7

Altars:
Kikubaaqudgha
Qazlal

Annotations:
D:4 Duvessa


Innate Abilities, Weirdness & Mutations

You are too large for most types of armour.
You have tough skin. (AC +1)


Message History

Duvessa weeps, then rights herself and shakes her weapon.
Duvessa goes berserk!
Duvessa hits you with a +0 short sword.
You hit Duvessa.
Duvessa is heavily wounded.
Duvessa burns!
Duvessa hits you with a +0 short sword! Duvessa hits you with a +0 short sword.
You hit Duvessa but do no damage.
Duvessa is heavily wounded.
Duvessa burns!
Duvessa hits you with a +0 short sword! x2
* * * LOW HITPOINT WARNING * * *
Casting: Sticky Flame (dangerous; 9% risk of failure)
Confirm with . or Enter, or press ? or * to list all spells.
Aiming: Sticky Flame (dangerous; 9% risk of failure)
Press: ? - help, Shift-Dir - straight line, f/p - Duvessa
Aim: Duvessa, wielding a +0 short sword and wearing a +0 chain mail (severely wounded, berserk, covered in liquid flames, 100% to hit)
The sticky flame hits Duvessa.
Duvessa is severely wounded.
Duvessa is covered in liquid flames!
Duvessa burns!
Duvessa hits you with a +0 short sword!
* * * LOW HITPOINT WARNING * * *
Casting: Sticky Flame (dangerous; 9% risk of failure)
Confirm with . or Enter, or press ? or * to list all spells.
Aiming: Sticky Flame (dangerous; 9% risk of failure)
Press: ? - help, Shift-Dir - straight line, f/p - Duvessa
Aim: Duvessa, wielding a +0 short sword and wearing a +0 chain mail (severely wounded, berserk, covered in liquid flames, 100% to hit)
The sticky flame hits Duvessa.
Duvessa is almost dead.
Duvessa is covered in liquid flames!
Duvessa burns!
Duvessa hits you with a +0 short sword!
* * * LOW HITPOINT WARNING * * *
Duvessa misses you.
Casting: Sticky Flame (dangerous; 9% risk of failure)
Confirm with . or Enter, or press ? or * to list all spells.
Aiming: Sticky Flame (dangerous; 9% risk of failure)
Press: ? - help, Shift-Dir - straight line, f/p - Duvessa
Aim: Duvessa, wielding a +0 short sword and wearing a +0 chain mail (almost dead, berserk, covered in liquid flames, 100% to hit)
The sticky flame hits Duvessa but does no damage.
Duvessa is almost dead.
Duvessa burns!
Duvessa hits you with a +0 short sword!
You die...

##..#.##.## #.## #.#..#
#..##.##.# #.# ##..#.##
#.###....# ###.# #.......
#.# #..### #...#
###.##.##. #.# #..# #.###
#...##..#. #.# #### ##.#
#.#####... ###.# #..#
####.# ###. #...####
#.####....# ##
#......########@###..####
######........e...).##
#########......#
#.........#
#####.#..#....##
#.......#####....
#..#....## #.... ####
##.#### #.#### ##### ##..
#..# #.# #....


You could see Duvessa (berserk, burning).

Vanquished Creatures
  2 water moccasins
  A sky beast (D:5)
  An ice beast (D:6)
  A black bear (D:4)
  3 ogres
  A phantom (D:6)
  A centaur (D:6)
  2 bullfrogs
  A kobold brigand (D:6)
  3 scorpions
  2 water moccasin skeletons (D:4)
  Dowan (D:4)
  2 centaur zombies
  3 hounds
  A centaur skeleton (D:5)
  4 jellies
  A bullfrog skeleton (D:6)
  5 iguanas
  A hound skeleton (D:4)
  A gnoll (D:6)
  10 adders
  A white imp (D:6)
  An ufetubus (D:3)
  6 worms
  4 dart slugs
  2 orcs (D:6)
  2 ball pythons
  8 endoplasms
  4 giant cockroaches
  13 goblins
  6 hobgoblins
  12 jackals
  3 quokkas
  4 bats (D:3)
  A frilled lizard (D:3)
  20 kobolds
  6 rats
140 creatures vanquished.

Vanquished Creatures (others)
  494 foxfires
  9 toadstools (D:3)
503 creatures vanquished.

Grand Total: 643 creatures vanquished

Notes
Turn   | Place    | Note
-------+----------+-------------------------------------------
     0 | D:1      | freelancePsychic the Ogre Fire Elementalist began the quest
                  | for the Orb.
     0 | D:1      | Reached XP level 1. HP: 16/16 MP: 3/3
    21 | D:1      | Reached skill level 1 in Conjurations
   186 | D:1      | Reached skill level 1 in Fighting
   186 | D:1      | Reached XP level 2. HP: 24/27 MP: 0/5
   411 | D:1      | Found a faded altar of an unknown god.
  1128 | D:2      | Reached skill level 3 in Spellcasting
  1128 | D:2      | Reached XP level 3. HP: 35/35 MP: 3/7
  1342 | D:2      | Found a stormy altar of Qazlal.
  1743 | D:2      | Reached XP level 4. HP: 44/44 MP: 0/9
  2420 | D:3      | Noticed a bullfrog
  2421 | D:3      | Found an ancient bone altar of Kikubaaqudgha.
  2433 | D:3      | Killed a bullfrog
  2434 | D:3      | Reached XP level 5. HP: 32/53 MP: 3/10
  2439 | D:3      | Learned a level 4 spell: Sticky Flame
  3017 | D:3      | Reached skill level 4 in Spellcasting
  3629 | D:3      | Reached XP level 6. HP: 62/62 MP: 6/12
  3949 | D:4      | Noticed Duvessa
  3949 | D:4      | Noticed Dowan
  4464 | D:4      | Reached skill level 5 in Spellcasting
  4538 | D:4      | Reached skill level 5 in Fighting
  4538 | D:4      | Reached XP level 7. HP: 68/72 MP: 14/14
  5347 | D:4      | Reached skill level 6 in Spellcasting
  5436 | D:4      | Reached skill level 5 in Fire Magic
  5653 | D:5      | Entered Level 5 of the Dungeon
  5685 | D:5      | Reached XP level 8. HP: 21/80 MP: 6/17
  7145 | D:6      | Reached skill level 5 in Conjurations
  7303 | D:6      | Learned a level 5 spell: Fireball
  7859 | D:6      | Reached XP level 9. HP: 61/88 MP: 19/19
  7909 | D:6      | Reached skill level 7 in Spellcasting
  8347 | D:4      | Killed Dowan
  8351 | D:4      | HP: 2/92 [Duvessa/+0 short sword (7)]
  8352 | D:4      | Mangled by Duvessa

Illustrated notes

Levels and vault maps discovered:
D:1:      wander_arrival_peaceful_grave, layout_basic,
          hellmonk_ecumenical_altar_crossroads
D:2:      layout_basic, basic_altar
D:3:      cheibrodos_fertilizer, layout_basic, kiku_gazebo_garden_becter
D:4:      layout_rooms, zin_angel, grunt_ministairs_10, minmay_ogre_servants,
          uniq_duvessa
D:5:      layout_rooms
D:6:      minmay_razor_zed, layout_basic

Skill      XL: |  1  2  3  4  5  6  7  8  9 |
---------------+----------------------------+-----
Conjurations   | 1 2 5 6 |  6.0
Fighting       | 1 2 3 4 5 6 |  6.4
Spellcasting   | 3 4 5 6 7 |  7.1
Fire Magic     | 3 4 5 6 |  6.0
Dodging        | |  1.7
Stealth        | |  1.4

Action                   |  1- 3 |  4- 6 |  7- 9 || total
-------------------------+-------+-------+-------++-------
Melee: Unarmed           |    37 |       |       ||    37
       Spear             |     9 |   123 |    90 ||   222
 Cast: Foxfire           |    67 |    80 |   129 ||   276
       Sticky Flame      |       |       |    18 ||    18
  Use: Scroll            |       |       |     5 ||     5
 Stab: Sleeping          |       |     8 |     3 ||    11
       Distracted        |       |       |     1 ||     1
Armor: Robe              |    28 |    46 |    41 ||   115
Dodge: Dodged            |    45 |    62 |    62 ||   169

Table legend: (Time is in decaauts)
 A = Elapsed time spent in this place.
 B = Non-inter-level travel time spent in this place.
 C = Inter-level travel time spent in this place.
 D = Time resting spent in this place.
 E = Time spent auto-exploring this place.
 F = Levels seen in this place.
 G = Mean time per level.
                   A        B        C        D        E       F      G
               +--------+--------+--------+--------+--------+-----+--------+
         Total |   8375 |   8009 |    366 |    975 |   5884 |   6 | 1395.8 |
       Dungeon |   8375 |   8009 |    366 |    975 |   5884 |   6 | 1395.8 |
               +--------+--------+--------+--------+--------+-----+--------+

Top non-repeatable levels by time:
     D:3: 1907 daAuts
     D:6: 1497 daAuts
     D:4: 1448 daAuts
     D:2: 1304 daAuts
     D:5: 1176 daAuts
     D:1: 1041 daAuts
